 Dungeon Crawl Stone Soup version 0.32-a0-825-g0e82a1035d (webtiles) character file.

Game seed: 8328444112137093505

544 Ijustatesigmund the Conjurer (level 7, -6/48 HPs)
             Began as an Octopode Conjurer on Mar 25, 2024.
             Mangled by an ice beast (7 damage)
             ... on level 5 of the Dungeon.
             The game lasted 00:07:17 (5163 turns).

Ijustatesigmund the Conjurer (Octopode Conjurer)    Turns: 5163, Time: 00:07:18

Health: -6/48      AC:  1    Str:  6    XL:     7   Next: 27%
Magic:  13/22      EV: 12    Int: 23    God:
Gold:   171        SH:  0    Dex: 10    Spells: 7/14 levels left

rFire   . . .        s - +4 dire flail (venom)
rCold   + . .        (shield currently unavailable)
rNeg    . . .        (helmet restricted)
rPois   .            c - amulet of the acrobat
rElec   .            i - ring of willpower
rCorr   .            n - ring of magical power
SInv    .            o - ring of protection from cold
Will    +....        (no ring)
Stlth   +++          (no ring)
HPRegen 0.28/turn    (no ring)
MPRegen 0.18/turn    (no ring)
                     (no ring)

%: acrobat
@: untranslocatable, immotile, very slightly contaminated
A: almost no armour, amphibious, 8 rings, camouflage 1, gelatinous body 1,
(nimble swimmer 1), tentacles
a: no special abilities


You were on level 5 of the Dungeon.
You visited 1 branch of the dungeon, and saw 5 of its levels.

You collected 171 gold pieces.

Inventory:

Hand Weapons
 e - a +0 flail
 s - a +4 dire flail of venom (weapon)
Jewellery
 c - an amulet of the acrobat (around mantle)
 i - a ring of willpower (left tentacle)
 n - a ring of magical power (right tentacle)
 o - a ring of protection from cold (on tentacle)
 p - a ring of willpower
Wands
 r - a wand of quicksilver (4)
Scrolls
 b - 3 scrolls of teleportation
 g - 2 scrolls of enchant weapon {unknown}
 h - a scroll of amnesia {unknown}
 k - a scroll of identify {unknown}
 l - a scroll of blinking {unknown}
 t - a scroll of enchant armour {unknown}
 u - a scroll of immolation {unknown}
Potions
 a - 2 potions of magic
 d - a potion of haste
 f - 2 potions of lignification
 j - 2 potions of might {unknown}
 m - a potion of curing {unknown}
 q - a potion of degeneration {unknown}


   Skills:
 - Level 4.0 Fighting
 + Level 0.7 Maces & Flails
 - Level 2.0 Dodging
 - Level 2.6 Stealth
 + Level 4.3 Spellcasting
 - Level 4.5 Conjurations
 + Level 3.4 Translocations


You had 7 spell levels left.
You knew the following spells:

 Your Spells              Type           Power      Damage    Failure   Level
a - Magic Dart            Conj           100%       1d8       1%          1
b - Searing Ray           Conj           50%        2d6       2%          2
c - Iskenderun's Mystic   Conj/Tloc      23%        2d6       21%         4

Your spell library contained the following spells:

 Spells                   Type           Power      Damage    Failure   Level
 Blink                    Tloc           40%        N/A       3%          2
 Gell's Gravitas          Tloc           20%        N/A       8%          3
 Teleport Other           Tloc           20%        N/A       8%          3
 Necrotise                Necr           20%        1d5       10%         1
 Call Imp                 Summ           10%        N/A       16%         2
 Vampiric Draining        Necr           5%         2d6       30%         3
 Fulminant Prism          Conj/Alch      7%         3d7       36%         4
 Martyr's Knell           Necr/Summ      5%         N/A       69%         4
 Curse of Agony           Necr           5%         N/A       95%         5
 Dispersal                Tloc           10%        N/A       98%         6


Dungeon Overview and Level Annotations

Branches:
Dungeon (5/15)             Temple (0/1) D:4

Altars:
Elyvilon
Kikubaaqudgha
Uskayaw
Zin

Annotations:
D:2 1 runed translucent door, Crazy Yiuf


Innate Abilities, Weirdness & Mutations

You cannot wear most types of armour.
You are amphibious.
You can wear up to eight rings at the same time.
Your skin changes colour to match your surroundings (Stealth+).
Your rubbery body absorbs attacks. (AC +1, EV +1)
((You are camouflaged when in or above water. (Stealth+)))
You have tentacles for arms and can constrict up to eight enemies at once.


Message History

The ice beast is almost dead.
The ice beast hits you but does no damage.
You barely miss the ice beast.
The ice beast is almost dead.
The ice beast hits you. The ice beast freezes you. You resist.
The ice beast barely misses you.
You hit the ice beast.
The ice beast is almost dead.
The ice beast closely misses you.
You barely miss the ice beast.
The ice beast is almost dead.
The ice beast hits you. The ice beast freezes you. You resist.
The dart slug launches a dart at you. The slug dart hits you.
You are too injured to fight recklessly!
You are too injured to fight recklessly!
You are too injured to fight recklessly!
You are too injured to fight recklessly!
You are too injured to fight recklessly!
You are too injured to fight recklessly!
You closely miss the ice beast.
The ice beast is almost dead.
The ice beast hits you. The ice beast freezes you. You resist.
You hit the ice beast but do no damage.
The ice beast is almost dead.
The ice beast hits you. The ice beast freezes you. You resist.
* * * LOW HITPOINT WARNING * * *
The ice beast hits you.
* * * LOW HITPOINT WARNING * * *
The ice beast freezes you. You resist.
* * * LOW HITPOINT WARNING * * *
Casting: Magic Dart (safe; 1% risk of failure)
Confirm with . or Enter, or press ? or * to list all spells.
You miscast Iskenderun's Mystic Blast.
You are very lightly contaminated with residual magic.
You catch a glimpse of the back of your own head.
You are magically locked in place.
The ice beast hits you.
* * * LOW HITPOINT WARNING * * *
The ice beast freezes you! You resist.
You die...

###########
..........############
..........+..........#
..........#..........#
..........#..........#
....######...........#
....# #.#'##......#
##### #....##########
#######......@w......
#.............Y......
#..................).
#....................
####....................
........###+######......
........# ......
.<......# ......
........#


You could see an ice beast and a dart slug.

Vanquished Creatures
  Edmund (D:4)
  A hound (D:5)
  An orc priest (D:4)
  A gnoll bouda (D:4)
  A jelly (D:4)
  An orc wizard (D:4)
  An iguana (D:3)
  Natasha (twice) (D:4)
  Robin (D:2)
  6 gnolls (D:4)
  4 adders
  2 ribbon worms
  A dart slug (D:1)
  8 orcs
  8 ball pythons
  6 bats
  6 endoplasms
  7 giant cockroaches
  14 goblins
  6 hobgoblins
  10 jackals
  4 quokkas
  5 kobolds
  5 rats
102 creatures vanquished.

Notes
Turn   | Place    | Note
-------+----------+-------------------------------------------
     0 | D:1      | Ijustatesigmund the Octopode Conjurer began the quest for
                  | the Orb.
     0 | D:1      | Reached XP level 1. HP: 11/11 MP: 3/3
    78 | D:1      | Reached XP level 2. HP: 18/18 MP: 5/5
    81 | D:1      | Learned a level 2 spell: Searing Ray
   267 | D:1      | Reached skill level 1 in Fighting
   816 | D:1      | Reached XP level 3. HP: 23/23 MP: 3/6
  1143 | D:2      | Noticed Robin
  1265 | D:3      | HP: 1/34 [goblin/+0 dagger[Robin] (1)]
  1864 | D:2      | Reached XP level 4. HP: 29/29 MP: 3/8
  1870 | D:2      | Learned a level 4 spell: Iskenderun's Mystic Blast
  2431 | D:2      | Killed Robin
  2808 | D:2      | Reached skill level 1 in Translocations
  2873 | D:2      | Found a faded altar of an unknown god.
  3200 | D:2      | Found a runed translucent door.
  3201 | D:2      | Noticed Crazy Yiuf
  3540 | D:3      | Reached XP level 5. HP: 18/35 MP: 6/9
  3865 | D:3      | Found a hide-covered altar of Uskayaw.
  3865 | D:3      | Found an ancient bone altar of Kikubaaqudgha.
  4301 | D:4      | Reached XP level 6. HP: 42/42 MP: 6/11
  4325 | D:4      | Noticed Edmund
  4336 | D:4      | Killed Edmund
  4601 | D:4      | Found a staircase to the Ecumenical Temple.
  4692 | D:4      | Reached XP level 7. HP: 47/47 MP: 13/13
  4795 | D:4      | Found a white marble altar of Elyvilon.
  4796 | D:4      | Found a glowing silver altar of Zin.
  4836 | D:4      | Identified the +7 dagger of Woe {flame, +Blink rN+}
  4946 | D:4      | Noticed Natasha
  4949 | D:4      | Killed Natasha
  4977 | D:4      | Noticed Natasha
  4986 | D:4      | Killed Natasha
  5067 | D:5      | Entered Level 5 of the Dungeon
  5163 | D:5      | HP: 1/48 [ice beast (5)]
  5163 | D:5      | Mangled by an ice beast

Illustrated notes

Levels and vault maps discovered:
D:1:      giann_horns, layout_basic, serial_park_tiny_1,
          chequers_serial_rivers_room_a
D:2:      layout_basic, hellmonk_ecumenical_altar_pennies_from_heaven,
          uniq_robin, uniq_crazy_yiuf_cottage
D:3:      layout_rooms, jmf_multi_god_temple, nicolae_elevator_lobby_asterisk
D:4:      layout_rooms, mainiacjoe_overflow_chevrons, zin_scriptorium,
          minmay_temple_entry_trees, uniq_natasha, uniq_edmund
D:5:      layout_gridville, serial_demonic, serial_demonic_b, serial_demonic_f,
          serial_demonic_b, serial_demonic_a, serial_bayou_lagoon_a

Skill      XL: |  1  2  3  4  5  6  7 |
---------------+----------------------+-----
Fighting       | 1 2 3 4 |  4.0
Spellcasting   | 3 4 |  4.3
Translocations | 1 2 3 |  3.4
Maces & Flails | |  0.7
Dodging        | |  2.0
Stealth        | |  2.6
Conjurations   | |  4.5

Action                     |  1- 3 |  4- 6 |  7- 9 || total
---------------------------+-------+-------+-------++-------
  Melee: Unarmed           |    12 |       |       ||    12
         Constrict         |     8 |     5 |     3 ||    16
         Tentacles         |     4 |     4 |     3 ||    11
         Short sword       |    26 |       |       ||    26
         Rapier            |       |    18 |       ||    18
         Dire flail        |       |    11 |    18 ||    29
   Cast: Magic Dart        |    51 |   102 |    19 ||   172
         Searing Ray       |     1 |     5 |       ||     6
         Iskenderun's Myst |       |     1 |       ||     1
  Evoke: Wand              |       |     4 |       ||     4
    Use: Potion            |     2 |     1 |       ||     3
         Scroll            |       |     1 |       ||     1
   Stab: Sleeping          |     1 |     1 |     1 ||     3
 Armour: Skin              |    46 |    28 |    15 ||    89
  Dodge: Dodged            |    26 |    22 |     8 ||    56

Table legend: (Time is in decaauts)
 A = Elapsed time spent in this place.
 B = Non-inter-level travel time spent in this place.
 C = Inter-level travel time spent in this place.
 D = Time resting spent in this place.
 E = Time spent auto-exploring this place.
 F = Levels seen in this place.
 G = Mean time per level.
                   A        B        C        D        E       F      G
               +--------+--------+--------+--------+--------+-----+--------+
         Total |   5154 |   5043 |    111 |   1198 |   3281 |   5 | 1030.8 |
       Dungeon |   5154 |   5043 |    111 |   1198 |   3281 |   5 | 1030.8 |
               +--------+--------+--------+--------+--------+-----+--------+

Top non-repeatable levels by time:
     D:2: 1523 daAuts
     D:3: 1443 daAuts
     D:1: 1069 daAuts
     D:4: 1020 daAuts
     D:5: 98 daAuts
